 Dungeon Crawl Stone Soup version 0.28.0-45-g0d030f2227 (webtiles) character file.

Game seed: 4081055787869726503

725 crimpus the Covered (level 7, -5/63 (64) HPs)
             Began as a Minotaur Fighter on Apr 18, 2022.
             Killed from afar by an electric eel (12 damage)
             ... with a bolt of electricity
             ... on level 5 of the Dungeon.
             The game lasted 00:10:11 (5231 turns).

crimpus the Covered (Minotaur Fighter)              Turns: 5231, Time: 00:10:11

HP:   -5/63 (64)    AC:  7    Str: 22    XL:     7   Next: 43%
MP:   6/6           EV:  9    Int:  5    God:
Gold: 165           SH: 14    Dex: 10    Spells: 6/6 levels left

rFire   . . .      SeeInvis .   f - +3 dagger (freeze)
rCold   . . .      Faith    .   m - +0 kite shield
rNeg    . . .      Spirit   .   b - +0 scale mail
rPois   .          Reflect  +   (helmet restricted)
rElec   .          Harm     .   (no cloak)
rCorr   .          Rampage  .   (no gloves)
Will    .....                   (no boots)
Stlth   ..........              j - amulet of reflection
HPRegen 0.20/turn               (no ring)
MPRegen 0.10/turn               (no ring)

@: lightly drained
A: horns 2, retaliatory headbutt
a: no special abilities


You were on level 5 of the Dungeon.
You visited 1 branch of the dungeon, and saw 5 of its levels.

You collected 165 gold pieces.

Inventory:

Hand Weapons
 a - a +0 war axe
 f - a +3 dagger of freezing (weapon)
 k - a +0 triple crossbow
Armour
 b - a +0 scale mail (worn)
 c - a +0 buckler
 m - a +0 kite shield (worn)
Jewellery
 j - an amulet of reflection (around neck)
 t - an amulet of the acrobat
 v - an amulet of faith
Scrolls
 d - a scroll of blinking {unknown}
 e - a scroll of enchant armour {unknown}
 h - a scroll of identify {unknown}
 l - 2 scrolls of teleportation {unknown}
 r - a scroll of magic mapping {unknown}
 u - a scroll of fear {unknown}
 w - a scroll of amnesia {unknown}
Potions
 g - a potion of resistance {unknown}
 i - a potion of flight {unknown}
 n - a potion of curing {unknown}
 o - a potion of experience {unknown}
 p - a potion of degeneration {unknown}
 q - a potion of lignification {unknown}
 s - 2 potions of heal wounds {unknown}


   Skills:
 + Level 6.5 Fighting
 + Level 0.2 Short Blades
 - Level 2.4 Axes
 + Level 7.1 Armour
 + Level 3.0 Dodging
 - Level 5.4 Shields


You had 6 spell levels left.
You didn't know any spells.
Your spell library contained the following spells:

 Spells                   Type           Power      Damage    Failure   Level
 Apportation              Tloc           0%         N/A       98%         1
 Alistair's Intoxication  Tmut/Pois      0%         N/A       100%        5


Dungeon Overview and Level Annotations

Branches:
Dungeon (5/15)
 Temple: D:4-7

Altars:
Fedhas
Nemelex Xobeh
Sif Muna
Wu Jian
Zin
The Shining One

Shops:
D:2 [   D:3 *   D:5 ?

Annotations:
D:4 1 runed translucent door, GigaChad's ghost, weakling PaFi
D:5 1 runed translucent door


Innate Abilities, Weirdness & Mutations

You have a pair of horns on your head.
You reflexively headbutt those who attack you in melee.


Message History

The electric eel shoots out a bolt of lightning at you!
The bolt of electricity hits the electric eel.
The electric eel completely resists.
The bolt of electricity misses you.
You enter the shallow water.
Moving in this stuff is going to be slow.
Things that are here:
a +0 morningstar; a +0 robe You start waiting.
Done waiting.
The electric eel shoots out a bolt of lightning at you!
The bolt of electricity hits you!
You enter the shallow water.
Moving in this stuff is going to be slow.
Things that are here:
a +0 morningstar; a +0 robe HP restored.
Things that are here:
a +0 morningstar; a +0 robe You enter the shallow water.
Moving in this stuff is going to be slow.
Things that are here:
a +0 morningstar; a +0 robe The electric eel shoots out a bolt of lightning at you!
The bolt of electricity hits the plant!
The plant begins to die.
The bolt of electricity hits you.
The electric eel shoots out a bolt of lightning at you!
The bolt of electricity hits you. The bolt of electricity hits you!
There is an open door here.
The electric eel shoots out a bolt of lightning at you!
The bolt of electricity hits the electric eel.
The electric eel completely resists.
The bolt of electricity hits you!
The electric eel shoots out a bolt of lightning at you!
The bolt of electricity misses the electric eel.
The bolt of electricity hits you!
The electric eel shoots out a bolt of lightning at you!
The bolt of electricity hits the electric eel.
The electric eel completely resists.
The bolt of electricity hits you!
* * * LOW HITPOINT WARNING * * *
The bolt of electricity hits you!
You die...

#############..##.########....###
............(..#.. .P$.≈##'#....
#######.......##.# .P≈)≈≈#.#####
###...#.......# .# ..P?$S#.##...
#.............##≈# ..P.≈S#≈##...
..#...###.....#≈≈# .P≈≈S##≈##...
..#...# #.#####)##########≈###...
..##### #.# #..#....S≈##≈## #...
..#######.####.#@...SS≈≈#≈# #...
.............#≈#....P.$≈#.# ####
.########.##.#≈#...P≈(≈≈#.#
........#.##.#≈##....$≈##.#
#######.#.##.##.########≈##
...####.#.##.###....≈≈≈≈##
......#.#.##.# ##########
...##.#.#.##.# ...##.#.#.##.# ###


You could see 3 electric eels.

Vanquished Creatures
  2 necrophages (D:5)
  An ogre (D:4)
  A scorpion (D:5)
  A wight (D:5)
  5 orc priests (D:3)
  A centaur skeleton (D:5)
  A scorpion zombie (D:5)
  An iguana (D:5)
  5 adders
  3 white imps (D:5)
  A dart slug (D:3)
  5 orcs
  9 endoplasms
  4 giant cockroaches
  8 goblins
  6 hobgoblins
  4 jackals (D:2)
  4 quokkas
  8 ball pythons
  A bat (D:3)
  3 frilled lizards
  10 kobolds
  5 rats
89 creatures vanquished.

Notes
Turn   | Place    | Note
-------+----------+-------------------------------------------
     0 | D:1      | crimpus the Minotaur Fighter began the quest for the Orb.
     0 | D:1      | Reached XP level 1. HP: 19/19 MP: 0/0
    90 | D:1      | Found a faded altar of an unknown god.
   138 | D:1      | Reached XP level 2. HP: 27/27 MP: 1/1
   305 | D:1      | Reached skill level 4 in Armour
   509 | D:2      | Found Achaolus's Antique Armour Shop.
   620 | D:2      | Reached XP level 3. HP: 33/33 MP: 2/2
  1455 | D:3      | Reached XP level 4. HP: 32/41 MP: 3/3
  1605 | D:3      | Reached skill level 1 in Dodging
  1760 | D:3      | Found a glowing silver altar of Zin.
  1779 | D:3      | Found Zin's Purification Station.
  1848 | D:3      | Reached XP level 5. HP: 47/47 MP: 4/4
  1870 | D:3      | Reached skill level 5 in Fighting
  1870 | D:3      | Reached skill level 5 in Armour
  1874 | D:3      | Reached skill level 5 in Shields
  2760 | D:4      | Found a runed translucent door.
  2760 | D:4      | Noticed GigaChad's ghost (weakling PaFi)
  3071 | D:4      | Noticed an ogre
  3074 | D:4      | Killed an ogre
  3075 | D:4      | Reached XP level 6. HP: 56/56 MP: 5/5
  3087 | D:4      | Found a sparkling altar of Nemelex Xobeh.
  3376 | D:4      | Found an ornate altar of the Wu Jian Council.
  3404 | D:5      | Entered Level 5 of the Dungeon
  3488 | D:5      | Reached skill level 6 in Armour
  3650 | D:5      | Reached XP level 7. HP: 63/63 MP: 6/6
  3678 | D:5      | Found a shimmering blue altar of Sif Muna.
  3683 | D:5      | Found a glowing golden altar of the Shining One.
  3686 | D:5      | Found a blossoming altar of Fedhas.
  3923 | D:5      | Found a runed translucent gate.
  4056 | D:5      | Reached skill level 7 in Armour
  4435 | D:5      | Found Gacsint's Magic Scroll Shoppe.
  5231 | D:5      | Killed from afar by an electric eel

Illustrated notes

Levels and vault maps discovered:
D:1:      dpeg_arrival_line_fractal, layout_basic,
          hellmonk_ecumenical_altar_blasted, grunt_decor_fettered,
          supply_closet_lemuel
D:2:      layout_basic, serial_shops, nicolae_shop_overgrown_old_shop,
          minmay_misc_feat_x
D:3:      layout_loops_ring, zin_purify
D:4:      layout_loops_ring, nicolae_overflow_hidden_temple,
          mainiacjoe_overflow_catwalk, ebering_ghost_sewer_d
D:5:      cheibrodos_two_vegetables, layout_basic, led_sif_book,
          grunt_temple_overflow_open, serial_shops, nicolae_lakefront_shop,
          ebering_ghost_rock_garden

Skill      XL: |  1  2  3  4  5  6  7 |
---------------+----------------------+-----
Shields        | 4 5 |  5.4
Fighting       | 4 5 6 |  6.5
Armour         | 4 5 6 7 |  7.1
Dodging        | 1 2 3 |  3.0
Short Blades   | |  0.2
Axes           | |  2.4

Action                   |  1- 3 |  4- 6 |  7- 9 || total
-------------------------+-------+-------+-------++-------
Melee: War axe           |    91 |    85 |    22 ||   198
       Headbutt          |    13 |    13 |     5 ||    31
       Dagger            |       |       |    21 ||    21
  Use: Potion            |       |     2 |       ||     2
Armor: Scale mail        |    51 |    22 |     6 ||    79
Dodge: Dodged            |    42 |    30 |    12 ||    84
Block: Buckler           |    20 |    29 |       ||    49
       Kite shield       |       |    17 |    20 ||    37
       Other             |       |       |     5 ||     5
       Reflection        |       |       |     2 ||     2
